 Dungeon Crawl Stone Soup version 0.26.0-10-g1f06aea511 (webtiles) character file.

Game seed: 10296342818107829394

237 Borgoz the Skirmisher (level 6, -2/52 HPs)
             Began as a Ghoul Fighter on Jan 14, 2021.
             Slain by a jackal (3 damage)
             ... on level 3 of the Dungeon.
             The game lasted 00:04:17 (2449 turns).

Borgoz the Skirmisher (Ghoul Fighter)               Turns: 2449, Time: 00:04:17

Health: -2/52      AC:  7    Str: 20    XL:     6   Next: 6%
Magic:  5/5        EV:  7    Int:  3    God:
Gold:   90         SH:  9    Dex: 10    Spells: 5/5 levels left

rFire    + . .     SeeInvis .   a - +0 long sword
rCold    + . .     Faith    .   c - +0 kite shield
rNeg     + + +     Spirit   .   b - +0 scale mail
rPois    ∞         Reflect  .   (no helmet)
rElec    .         Harm     .   (no cloak)
rCorr    +         Rampage  .   (no gloves)
Will     .....                  (no boots)
Stlth    ..........             (no amulet)
HPRegen  0.00/turn              i - ring of protection from fire
MPRegen  0.09/turn              f - ring of resist corrosion

@: mighty, very slightly contaminated, invisible
A: claws 1, cold resistance 1, negative energy resistance 3, inhibited
regeneration, torment resistance, unbreathing
a: no special abilities


You were on level 3 of the Dungeon.
You visited 1 branch of the dungeon, and saw 3 of its levels.

You collected 90 gold pieces.

Inventory:

Hand Weapons
 a - a +0 long sword (weapon)
Missiles
 k - a throwing net (quivered)
Armour
 b - a +0 scale mail (worn)
 c - a +0 kite shield (worn)
Jewellery
 f - a ring of resist corrosion (right claw)
 i - a ring of protection from fire (left claw)
Scrolls
 e - a scroll of remove curse
 g - a scroll of teleportation
 l - a scroll of enchant armour
Potions
 d - 2 potions of might
 j - a potion of magic
 m - a potion of invisibility


   Skills:
 + Level 4.1 Fighting
 * Level 3.4 Long Blades
 * Level 4.1 Armour
 + Level 3.4 Shields


You had 5 spell levels left.
You didn't know any spells.
Your spell library was empty.

Dungeon Overview and Level Annotations

Branches:
Dungeon (3/15)

Altars:
Kikubaaqudgha
Nemelex Xobeh

Annotations:
D:3 Grinder


Innate Abilities, Weirdness & Mutations

You thrive by killing the living.
You are immune to poison.
You have sharp fingernails.
Your flesh is cold resistant. (rC+)
You are immune to negative energy. (rN+++)
You do not regenerate when monsters are visible.
You are immune to unholy pain and torment.
You can survive without breathing.


Message History

The jackal barely misses you. You block the jackal's attack. Grinder hits you.
* * * LOW HITPOINT WARNING * * *
You are very lightly contaminated with residual magic.
You feel very mighty all of a sudden.
The jackal bites you but does no damage.
Grinder barely misses you.
You riposte.
You slash Grinder!
Grinder is heavily wounded.
You slash Grinder!
Grinder is severely wounded.
You block the jackal's attack.
A hobgoblin comes into view. It is wielding a +0 club.
Grinder says, "Mostly I couldn't keep them alive."
Grinder hits you.
* * * LOW HITPOINT WARNING * * *
You block the jackal's attack.
You barely miss Grinder.
Grinder is severely wounded.
The hobgoblin shouts!
The jackal bites you.
You die...

#... #...g #... #....
#... #...# #... #...#
#... #...# #... #...+
#... #.h)# #...
#..@########+## #...
#..5........... #...
#.............. #...
#.............. #...
.#######'#########...
....................[
.....................
.....................
.....................


You could see Grinder, a jackal and a hobgoblin (wandering).

Vanquished Creatures
  Jessica (D:2)
  Ijyb (D:3)
  Natasha (thrice) (D:2)
  5 adders
  An ooze (D:1)
  A worm (D:2)
  3 leopard geckos
  2 orcs
  A ball python (D:1)
  A giant cockroach (D:1)
  3 goblins (D:1)
  7 hobgoblins
  9 jackals
  A quokka (D:2)
  5 bats
  3 frilled lizards
  6 kobolds
  9 rats
62 creatures vanquished.

Vanquished Creatures (others)
  3 fungi (D:3)
  2 plants (D:3)
5 creatures vanquished.

Grand Total: 67 creatures vanquished

Notes
Turn   | Place    | Note
-------+----------+-------------------------------------------
     0 | D:1      | Borgoz the Ghoul Fighter began the quest for the Orb.
     0 | D:1      | Reached XP level 1. HP: 19/19 MP: 0/0
    94 | D:1      | Reached XP level 2. HP: 26/26 MP: 1/1
   312 | D:1      | Reached XP level 3. HP: 31/31 MP: 2/2
  1311 | D:2      | Found an ancient bone altar of Kikubaaqudgha.
  1337 | D:2      | Reached XP level 4. HP: 40/40 MP: 3/3
  1592 | D:2      | Noticed Jessica
  1596 | D:2      | Killed Jessica
  1668 | D:2      | Reached XP level 5. HP: 46/46 MP: 4/4
  1693 | D:2      | Noticed Natasha
  1703 | D:2      | Killed Natasha
  1787 | D:2      | Found a sparkling altar of Nemelex Xobeh.
  1902 | D:2      | Noticed Natasha
  1912 | D:2      | Killed Natasha
  2132 | D:2      | Noticed Natasha
  2143 | D:2      | Killed Natasha
  2305 | D:3      | Found a faded altar of an unknown god.
  2351 | D:3      | Noticed Ijyb
  2356 | D:3      | Paralysed by Ijyb for 4 turns
  2383 | D:3      | Killed Ijyb
  2384 | D:3      | Reached XP level 6. HP: 52/52 MP: 5/5
  2414 | D:3      | Noticed Grinder
  2430 | D:3      | Paralysed by Grinder for 3 turns
  2439 | D:3      | Paralysed by Grinder for 7 turns
  2448 | D:3      | HP: 1/52 [Grinder (2)]
  2449 | D:3      | Slain by a jackal

Illustrated notes

Levels and vault maps discovered:
D:1:      lemuel_arrival_muddy, layout_basic, minmay_misc_feat_room
D:2:      layout_basic, nicolae_overflow_crystal_walls, nemelex_altar_shiori,
          uniq_natasha, uniq_jessica
D:3:      layout_basic, grunt_temple_overflow_forces_of_nature,
          lemuel_round_altar, chequers_ecumenical_altar_grove,
          saegor_snake_ambush, uniq_sigmund, uniq_grinder, uniq_ijyb

Skill      XL: |  1  2  3  4  5 |
---------------+----------------+-----
Long Blades    | 2 3 |  3.4
Armour         | 3 4 |  4.1
Shields        | 3 |  3.4
Fighting       | 4 |  4.1

Action                   |  1- 3 |  4- 6 || total
-------------------------+-------+-------++-------
Melee: Long sword        |   132 |   143 ||   275
Throw: Throwing net      |     1 |       ||     1
  Use: Scroll            |     4 |     3 ||     7
       Potion            |     2 |     2 ||     4
Armor: Scale mail        |    65 |    84 ||   149
Dodge: Dodged            |    63 |    47 ||   110
Block: Kite shield       |    75 |    63 ||   138
       Rpst.: Long sword |    24 |    16 ||    40
